 Dungeon Crawl Stone Soup version 0.30-a0-242-g7bf8e6d787 (webtiles) character file.

Game seed: 3604686875541733218

23 blackman the Sneak (level 3, -10/29 HPs)
             Began as a Human Delver on Oct 12, 2022.
             Killed from afar by Ijyb (20 damage)
             ... with a bolt of light
             ... on level 3 of the Dungeon.
             The game lasted 00:02:20 (454 turns).

blackman the Sneak (Human Delver)                    Turns: 454, Time: 00:02:21

Health: -10/29     AC:  3    Str: 12    XL:     3   Next: 12%
Magic:  3/3        EV: 12    Int: 10    God:
Gold:   23         SH:  0    Dex: 16    Spells: 2/2 levels left

rFire   . . .      SeeInvis .    a - +0 falchion
rCold   . . .      Faith    .    (no shield)
rNeg    . . .      Spirit   .    b - +0 leather armour
rPois   .          Reflect  .    (no helmet)
rElec   .          Harm     .    (no cloak)
rCorr   .          Rampage  .    (no gloves)
Will    .....                    (no boots)
Stlth   +++.......               (no amulet)
HPRegen 0.24/turn                (no ring)
MPRegen 0.08/turn                (no ring)

@: no status effects
A: no striking features
a: no special abilities


You were on level 3 of the Dungeon.
You visited 1 branch of the dungeon, and saw 3 of its levels.

You collected 23 gold pieces.

Inventory:

Hand Weapons
 a - a +0 falchion (weapon)
Armour
 b - a +0 leather armour (worn)
Wands
 g - a wand of digging (3)
Scrolls
 c - a scroll of fog
 d - a scroll of magic mapping
 e - a scroll of fear
 h - a scroll of teleportation {unknown}
 j - a scroll of identify {unknown}
Potions
 f - a potion of haste
 i - 2 potions of cancellation {unknown}


   Skills:
 - Level 3.0 Fighting
 + Level 3.3 Long Blades
 - Level 2.0 Dodging
 - Level 5.0 Stealth


You had 2 spell levels left.
You didn't know any spells.
Your spell library was empty.

Dungeon Overview and Level Annotations

Branches:
Dungeon (5/15)
 Temple: D:4-7

Altars:

Shops:
D:4 !

Annotations:
D:3 Ijyb; Jessica
D:4 3 runed translucent doors, MrSquiggles's ghost, amateur OpCj
D:5 Blork the orc


Message History

Found a fuming orange potion.
The rat twitches its whiskers.
Ijyb shouts!
There is a stone staircase leading down here.
The frilled lizard hisses angrily.
The goblin closely misses you.
You climb downwards.
Level annotation: 3 runed translucent doors, MrSquiggles's ghost, amateur OpCj
There is a stone staircase leading up here.
You slash the goblin!
You kill the goblin!
Things that are here:
a +0 dagger; a goblin corpse
There is a stone staircase leading up here.
The kobold shouts!
The kobold hits you with a +0 short sword.
You slash the kobold!
You kill the kobold!
Things that are here:
a +0 short sword; a kobold corpse An ogre comes into view.
It is wielding a +0 giant club.
Found a white potion.
The ogre shouts!
There is a stone staircase leading up here.
You climb upwards.
Level annotation: Ijyb; Jessica
There is a stone staircase leading down here.
You barely miss Ijyb.
Ijyb zaps a wand.
The bolt of light hits you!
Ouch! That really hurt!
You closely miss Ijyb. Ijyb hits you but does no damage.
The frilled lizard barely misses you. Ijyb closely misses you.
The rat misses you.
You hit Ijyb but do no damage. The rat barely misses you.
Ijyb hits you with a +0 dagger. The frilled lizard bites you.
You hit Ijyb.
Ijyb is moderately wounded.
The rat barely misses you. The frilled lizard barely misses you.
Ijyb zaps a wand.
The bolt of light hits you!!
Ouch! That really hurt!
You die...

.............#....
........#.......# ##
................###...
..............(.......
........###r.......### #
.[..........###..#......
..........#..##..#.#....
...............lgr......
........###.....@..#.###
...(..## ##.#####..#
......## #..# #....
.......# #.## !.....
.......###.# ......
...........# ......
.......##### .....
.......[###### ....
..............


You could see Ijyb, a frilled lizard and a rat.

Vanquished Creatures
  An adder (D:3)
  3 orcs (D:4)
  3 endoplasms
  A goblin (D:4)
  A kobold (D:4)
  A quokka (D:5)
10 creatures vanquished.

Notes
Turn   | Place    | Note
-------+----------+-------------------------------------------
     0 | D:5      | blackman the Human Delver began the quest for the Orb.
     0 | D:5      | Reached XP level 1. HP: 18/18 MP: 1/1
    20 | D:5      | Noticed an iguana
    85 | D:4      | Found Ezxack's Distillery.
    87 | D:3      | Noticed Jessica
    94 | D:4      | Reached XP level 2. HP: 14/24 MP: 2/2
   153 | D:4      | Noticed a phantom
   171 | D:4      | Found a runed translucent gate.
   171 | D:4      | Found a runed translucent gate.
   171 | D:4      | Noticed MrSquiggles's ghost (amateur OpCj)
   172 | D:4      | Found a runed translucent gate.
   218 | D:5      | Noticed Blork the orc
   276 | D:3      | Reached XP level 3. HP: 11/29 MP: 3/3
   404 | D:3      | Noticed Ijyb
   433 | D:4      | Noticed an ogre
   454 | D:3      | Killed from afar by Ijyb

Illustrated notes

Levels and vault maps discovered:
D:3:      layout_rooms, gammafunk_ghost_necromancy, uniq_ijyb, uniq_jessica
D:4:      layout_loops_ring, ebering_ghost_rock_garden, serial_shops,
          nicolae_shop_temple_entry_statues_fountains, hangedman_decor_opposing
D:5:      layout_cave_pools, lemuel_blue_sif_altar,
          minmay_misc_feat_more_columns, uniq_blork_the_orc, uniq_grinder

Skill      XL: |  1  2 |
---------------+-------+-----
Long Blades    | 3 |  3.3
Fighting       | |  3.0
Dodging        | |  2.0
Stealth        | |  5.0

Action                   || total
-------------------------++-------
Melee: Falchion          ||    36
Armor: Leather armour    ||     6
Dodge: Dodged            ||    23

Table legend: (Time is in decaauts)
 A = Elapsed time spent in this place.
 B = Non-inter-level travel time spent in this place.
 C = Inter-level travel time spent in this place.
 D = Time resting spent in this place.
 E = Time spent auto-exploring this place.
 F = Levels seen in this place.
 G = Mean time per level.
                   A        B        C        D        E       F      G
               +--------+--------+--------+--------+--------+-----+--------+
         Total |    460 |    460 |      0 |    164 |      0 |   3 |  153.3 |
       Dungeon |    460 |    460 |      0 |    164 |      0 |   3 |  153.3 |
               +--------+--------+--------+--------+--------+-----+--------+

Top non-repeatable levels by time:
     D:4: 243 daAuts
     D:3: 171 daAuts
     D:5: 45 daAuts
